 Dungeon Crawl Stone Soup version 0.21-a0-496-g696f58f (webtiles) character file.

113531 Laiders the Bludgeoner (level 17, -1/138 HPs)
             Began as a Formicid Fighter on Nov 23, 2017.
             Was the Champion of Lugonu.
             Killed from afar by a nagaraja (26 damage)
             ... with an orb of energy
             ... on level 3 of the Snake Pit on Nov 24, 2017.
             The game lasted 01:18:26 (31221 turns).

Laiders the Bludgeoner (Formicid Fighter)          Turns: 31221, Time: 01:18:27

Health: -1/138     AC: 29    Str: 33    XL:     17   Next: 18%
Magic:  22/26      EV: 13    Int: 10    God:    Lugonu [******]
Gold:   948        SH: 26    Dex: 16    Spells: 16/16 levels left

rFire    . . .     SeeInvis +   T - +5 morningstar "Leviticus" {elec, +Blink rElec rPois Dex-4 SInv}
rCold    + . .     Gourm    .   W - +5 large shield of the Villain {Str+3 Dex+3}
rNeg     . . .     Faith    .   l - +3 plate armour {rC+}
rPois    +         Spirit   .   (helmet unavailable)
rElec    +         Reflect  .   D - +1 cloak of the Flute {Str+4 Dex+4}
rCorr    .         Harm     .   E - +0 pair of gloves (curse)
MR       +....                  L - +0 pair of boots
Stlth    ..........             (no amulet)
HPRegen  0.33/turn              o - +4 ring of protection
MPRegen  0.20/turn              X - +3 ring of dexterity

@: lethally poisoned (-1 -> -3), very slightly contaminated, invisible
A: permanent stasis, dig shafts and tunnels, four strong arms, antennae 3
a: Dig, Shaft Self, Depart the Abyss, Bend Space, Banish, Corrupt, Enter the
Abyss, Brand Weapon With Distortion, Renounce Religion


You were on level 3 of the Snake Pit.
You worshipped Lugonu.
Lugonu was exalted by your worship.
You were not hungry.

You visited 3 branches of the dungeon, and saw 22 of its levels.
You visited the Abyss 3 times.

You collected 1670 gold pieces.
You spent 722 gold pieces at shops.

Inventory:

Hand Weapons
 d - a +1 great mace of crushing
 T - the +5 morningstar "Leviticus" (weapon) {elec, +Blink rElec rPois Dex-4 SInv}
   (You found it on level 3 of the Lair of Beasts)

   Occasionally, upon striking a foe, it will discharge some electrical energy
   and cause terrible harm.
   It affects your dexterity (-4).
   It insulates you from electricity.
   It protects you from poison.
   It lets you see invisible.
   It lets you blink.
Missiles
 p - 10 tomahawks (quivered)
Armour
 l - a +3 plate armour of cold resistance (worn)
 q - a scarf of cloud immunity
 D - the +1 cloak of the Flute (worn) {Str+4 Dex+4}
   (You bought it in a shop on level 5 of the Dungeon)

   It affects your strength (+4).
   It affects your dexterity (+4).
 E - a cursed +0 pair of gloves (worn)
 L - a +0 pair of boots (worn)
 M - a +3 scale mail of poison resistance
 W - the +5 large shield of the Villain (worn) {Str+3 Dex+3}
   (You found it on level 6 of the Lair of Beasts)

   It affects your strength (+3).
   It affects your dexterity (+3).
Jewellery
 o - a +4 ring of protection (left hand)
 r - an uncursed ring of protection from fire
 s - an uncursed ring of positive energy
 R - an uncursed ring of protection from cold
 X - a +3 ring of dexterity (right hand)
 Y - an uncursed amulet of faith
Wands
 e - a wand of polymorph (33)
 j - a wand of paralysis (14)
 y - a wand of flame (75)
 J - a wand of clouds (5)
 O - a wand of scattershot (7)
 U - a wand of digging (24)
Scrolls
 c - 3 scrolls of enchant armour
 g - 7 scrolls of amnesia
 h - 3 scrolls of noise
 u - 2 scrolls of enchant weapon
 B - 6 scrolls of fear
 F - 8 scrolls of magic mapping
 H - 7 scrolls of identify
 K - 5 scrolls of remove curse
 P - 2 scrolls of holy word
 V - 5 scrolls of fog
Potions
 a - 5 potions of flight
 b - a potion of agility
 i - 2 potions of ambrosia
 k - 8 potions of cancellation
 n - 5 potions of curing
 v - 7 potions of brilliance
 I - 4 potions of mutation
 Q - 2 potions of lignification
 S - 2 potions of heal wounds
Books
 C - a book of Cantrips

   Spells                             Type                      Level
   a - Confusing Touch                Hexes                        1
   b - Animate Skeleton               Necromancy                   1
   c - Summon Small Mammal            Summoning                    1
   d - Apportation                    Translocation                1
 N - a book of Minor Magic

   Spells                             Type                      Level
   a - Magic Dart                     Conjuration                  1
   b - Blink                          Translocation                2
   c - Call Imp                       Summoning                    2
   d - Slow                           Hexes                        2
   e - Conjure Flame                  Conjuration/Fire             3
   f - Mephitic Cloud                 Conjuration/Poison/Air       3
Miscellaneous
 z - a phantom mirror
Comestibles
 f - 13 bread rations
 m - 10 fruits
 t - 5 meat rations
 x - 8 royal jellies


   Skills:
 + Level 13.6 Fighting
 - Level 16.0 Maces & Flails
 + Level 13.7 Armour
 + Level 8.5 Dodging
 + Level 12.9 Shields
 - Level 12.0 Invocations


You had 16 spell levels left.
You didn't know any spells.

Dungeon Overview and Level Annotations

Branches:
Dungeon (12/15)            Temple (0/1) D:5            Lair (6/6) D:9
 Shoals (0/4) Lair:2        Snake (4/4) Lair:2        Slime (0/5) Lair:6
    Orc (0/2) D:12

Altars:
Cheibriados
Dithmenos
Elyvilon
Fedhas
Hepliaklqana
Makhleb
Nemelex Xobeh
Qazlal
Uskayaw
Xom
Zin
The Shining One
Jiyva

Shops:
D:4 %   D:5 [   D:6 [   D:8 :   D:9 (

Annotations:
D:5 Prince Ribbit


Innate Abilities, Weirdness & Mutations

You cannot be hasted, slowed, berserked, paralysed or teleported.
You can dig through walls and to a lower floor.
Your four strong arms can wield two-handed weapons with a shield.
You have a pair of large antennae on your head. (SInv)


Message History

You resist.
* * * LOW HITPOINT WARNING * * *
The nagaraja spits poison at you. The splash of poison hits you!
You are lethally poisoned!
You resist.
You are very lightly contaminated with residual magic.
You feel better.
The nagaraja gestures wildly while chanting.
The nagaraja seems to speed up.
The nagaraja gestures at you while chanting.
You block the poison arrow. The nagaraja spits poison at you.
The splash of poison hits you!
You are poisoned.
You resist.
You feel sick.
The nagaraja gestures at you while chanting.
The orb of energy hits you!
You die...

..## ##..{.## ##...#
..# ##....## ##..##
..# ##....S# ##...
..# #....NN###
######## ##.# ..#
#..###...###......##
##. #.#
##..####..#........##
#. ### #...#
#............## #.
### ##..#
##............# #.
#.# #...#
#.@..........# #. .##
#...# #........)...#
## ..# #...#
##...........# ## ..#
#...# #............#
#< ..# ##..#
#..(.........# #. ..#
#...# ##..........##
#. ..# #...#
###.......## #. ..#
##..## #......## ##.
..# #.#..## ########
##..


You could see a nagaraja and a guardian serpent.

Vanquished Creatures
  Rupert (Lair:6)
  A nagaraja (Snake:2)
  Aizul (Snake:2)
  A war gargoyle (D:12)
  Snorg (D:10)
  10 naga warriors
  2 hydras (Lair:6)
  A centaur warrior (D:10)
  3 catoblepae (Lair:6)
  11 anacondas
  2 two-headed ogres
  4 death yaks (Lair:6)
  Urug (D:10)
  7 naga sharpshooters
  4 shock serpents
  Sonja (Lair:3)
  5 skeletal warriors (D:10)
  3 salamander mystics
  4 sea snakes (Snake:4)
  3 unseen horrors (D:12)
  3 naga ritualists
  2 ugly things
  An oklob plant (Lair:1)
  8 salamanders
  8 mana vipers
  A cyclops (D:9)
  3 manticores
  A centaur zombie (D:10)
  4 guardian serpents
  9 elephants (Lair:6)
  2 torpor snails (Lair:6)
  A centaur skeleton (D:11)
  13 spiny frogs
  17 naga magi
  33 black mambas
  9 gargoyles
  2 kobold demonologists (D:11)
  2 rime drakes
  10 komodo dragons
  2 trolls
  A polar bear (Lair:5)
  5 slime creatures (D:12)
  6 dream sheep (Lair:6)
  7 hippogriffs
  Sigmund (D:4)
  54 yaks
  A basilisk (Lair:6)
  2 wyverns
  A steam dragon (D:11)
  3 hungry ghosts
  41 nagas
  20 water moccasins
  7 porcupines
  3 orc warriors
  2 black bears
  3 sky beasts
  4 ice beasts
  A necrophage (D:12)
  3 wolves (Lair:3)
  5 ogres
  8 centaurs
  11 crocodiles
  2 big kobolds
  A water moccasin zombie (D:8)
  23 bullfrogs
  A wyvern zombie (D:12)
  9 scorpions
  6 killer bees
  3 wights (D:6)
  2 howler monkeys
  4 electric eels
  6 crimson imps
  5 hounds
  5 jellies
  4 orc priests
  Crazy Yiuf (D:2)
  2 bullfrog skeletons
  Natasha (D:2)
  5 orc wizards
  6 worker ants
  A killer bee zombie (D:6)
  2 hound skeletons
  Robin (D:3)
  15 adders
  3 gnolls (D:4)
  5 shadow imps
  An ooze (D:3)
  An adder zombie (D:7)
  A dart slug (D:1)
  2 leopard geckos
  22 orcs
  3 bats
  6 giant cockroaches
  11 goblins
  9 hobgoblins
  6 jackals
  6 kobolds
  4 quokkas
  5 ball pythons
  5 frilled lizards
  A quokka skeleton (D:4)
  6 rats
  A fungus (Lair:5)
  A plant (Lair:6)
590 creatures vanquished.

Vanquished Creatures (others)
  A hydra (Lair:2)
  3 oklob plants (Lair:1)
  A centaur zombie (D:10)
  A kobold demonologist (D:11)
  An ogre (D:10)
  2 killer bees (D:10)
  An orc wizard (D:8)
  A kobold (D:11)
  16 fungi
  7 plants
34 creatures vanquished.

Grand Total: 624 creatures vanquished

Notes
Turn   | Place    | Note
-------+----------+-------------------------------------------
     0 | D:1      | Laiders the Formicid Fighter began the quest for the Orb.
     0 | D:1      | Reached XP level 1. HP: 18/18 MP: 1/1
   113 | D:1      | Reached XP level 2. HP: 20/24 MP: 2/2
   803 | D:2      | Found a blossoming altar of Fedhas.
   853 | D:2      | Reached XP level 3. HP: 29/29 MP: 3/3
   965 | D:2      | Found a runed door.
  1174 | D:2      | Found a glowing silver altar of Zin.
  1341 | D:2      | Reached skill level 3 in Maces & Flails
  1503 | D:2      | Noticed Crazy Yiuf
  1512 | D:2      | Killed Crazy Yiuf
  1512 | D:2      | Reached XP level 4. HP: 20/35 MP: 4/4
  1639 | D:3      | Noticed Natasha
  1699 | D:3      | Noticed Robin
  1709 | D:2      | Killed Natasha
  1709 | D:2      | Reached skill level 5 in Shields
  1716 | D:2      | Reached XP level 5. HP: 41/41 MP: 5/5
  1750 | D:3      | Cast into level 1 of the Abyss (Robin)
  1751 | Abyss:1  | Found a corrupted altar of Lugonu.
  1773 | Abyss:1  | Became a worshipper of Lugonu the Unformed
  1773 | Abyss:1  | Reached * piety under Lugonu
  1774 | D:3      | Escaped the Abyss
  1785 | D:3      | Killed Robin
  2047 | D:3      | Upgraded the game from 0.21-a0-476-gd103f4b to 0.21-a0-496-g696f58f
  2307 | D:3      | Found a burning altar of Makhleb.
  2319 | D:3      | Reached skill level 4 in Maces & Flails
  2793 | D:4      | Noticed Sigmund
  2803 | D:4      | Killed Sigmund
  2803 | D:4      | Reached XP level 6. HP: 38/47 MP: 6/6
  2904 | D:4      | Reached skill level 5 in Maces & Flails
  3077 | D:4      | Reached XP level 7. HP: 44/52 MP: 7/7
  3120 | D:4      | Found a shadowy altar of Dithmenos.
  3156 | D:4      | Found a white marble altar of Elyvilon.
  3237 | D:4      | Found a glowing golden altar of the Shining One.
  3344 | D:4      | Found Leqaulif's Food Shop.
  3369 | D:4      | Found Zuipah's Magic Scroll Emporium.
  3662 | D:5      | Entered Level 5 of the Dungeon
  3668 | D:5      | Found a staircase to the Ecumenical Temple.
  3698 | D:5      | Found a shimmering altar of Xom.
  3699 | D:5      | Found a stormy altar of Qazlal.
  3870 | D:5      | Found Paeleuzy's Antique Armour Shoppe.
  3893 | D:5      | Bought a brightly glowing cloak for 161 gold pieces
  3903 | D:5      | Identified the +1 cloak of the Flute {Str+4 Dex+4} (You bought it in a shop on level 5 of the Dungeon)
  4400 | D:5      | Noticed Prince Ribbit
  4695 | D:6      | Reached skill level 6 in Maces & Flails
  4713 | D:6      | Reached XP level 8. HP: 53/58 MP: 8/8
  5061 | D:6      | Reached skill level 7 in Maces & Flails
  5214 | D:6      | Found a hazy altar of Hepliaklqana.
  5282 | D:6      | Found Uhelintu's Armour Shoppe.
  5641 | D:7      | Reached ** piety under Lugonu
  5792 | D:7      | Found a sparkling altar of Nemelex Xobeh.
  5825 | D:7      | Reached skill level 8 in Maces & Flails
  5825 | D:7      | Reached XP level 9. HP: 54/64 MP: 9/9
  6123 | D:7      | Found a white marble altar of Elyvilon.
  6447 | D:8      | Reached skill level 9 in Maces & Flails
  6465 | D:8      | Noticed a hippogriff
  6474 | D:8      | Killed a hippogriff
  6488 | D:8      | Found Taprab's Book Shoppe.
  6625 | D:8      | Reached skill level 10 in Maces & Flails
  7001 | D:8      | Found a hide-covered altar of Uskayaw.
  7013 | D:8      | Noticed a dagger
  7013 | D:8      | Noticed a hand axe
  7116 | D:8      | Reached skill level 11 in Maces & Flails
  7268 | D:8      | Reached XP level 10. HP: 70/70 MP: 10/10
  7302 | D:8      | Reached skill level 1 in Invocations
  7431 | D:8      | Reached *** piety under Lugonu
  7757 | D:9      | Noticed a cyclops
  7784 | D:9      | Killed a cyclops
  8372 | D:9      | Noticed a two-headed ogre
  8387 | D:9      | Killed a two-headed ogre
  8387 | D:9      | Reached skill level 5 in Fighting
  8485 | D:9      | Reached skill level 5 in Armour
  8600 | D:9      | Reached skill level 10 in Shields
  8813 | D:9      | Found a staircase to the Lair.
  8829 | D:9      | Reached XP level 11. HP: 55/80 MP: 14/14
  8955 | D:9      | Found a snail-covered altar of Cheibriados.
  9059 | D:9      | Found Tifen's Weapon Boutique.
  9267 | D:10     | Entered Level 10 of the Dungeon
  9334 | D:10     | Noticed a two-headed ogre
  9356 | D:10     | Killed a two-headed ogre
  9356 | D:10     | Reached skill level 5 in Invocations
  9565 | D:10     | Noticed Snorg
  9579 | D:10     | Noticed a centaur warrior
  9605 | D:10     | Killed Snorg
  9605 | D:10     | Reached skill level 12 in Maces & Flails
  9637 | D:10     | Killed a centaur warrior
 10624 | D:10     | Reached **** piety under Lugonu
 10674 | D:11     | Noticed a skeletal warrior
 10675 | D:11     | Noticed a skeletal warrior
 10675 | D:11     | Noticed a skeletal warrior
 10678 | D:11     | Noticed a skeletal warrior
 10680 | D:11     | Noticed a skeletal warrior
 10746 | D:10     | Killed a skeletal warrior
 11112 | D:10     | Killed a skeletal warrior
 11238 | D:10     | Killed a skeletal warrior
 11238 | D:10     | Reached XP level 12. HP: 63/92 MP: 15/17
 11262 | D:10     | Killed a skeletal warrior
 11288 | D:10     | Killed a skeletal warrior
 11567 | D:11     | Noticed a sun demon
 11581 | D:11     | Noticed a soul eater
 12179 | D:11     | Noticed Urug
 12222 | D:10     | Cast into level 2 of the Abyss (Urug)
 12281 | D:10     | Escaped the Abyss
 12519 | D:10     | Cast into level 1 of the Abyss (Urug)
 12543 | Abyss:1  | Noticed a purple very ugly thing
 12549 | D:10     | Escaped the Abyss
 12558 | D:10     | Killed Urug
 13623 | D:12     | Reached skill level 13 in Maces & Flails
 13889 | D:12     | Noticed an unseen horror
 13895 | D:12     | Killed an unseen horror
 14026 | D:12     | Noticed an unseen horror
 14035 | D:12     | Killed an unseen horror
 14495 | D:12     | Reached XP level 13. HP: 101/101 MP: 19/19
 14615 | D:12     | Found a staircase to the Orcish Mines.
 14668 | D:12     | Noticed a war gargoyle
 14691 | D:12     | Killed a war gargoyle
 14743 | D:12     | Reached skill level 10 in Armour
 14749 | D:12     | Reached skill level 10 in Fighting
 15373 | D:5      | Bought a runed plate armour for 442 gold pieces
 15373 | D:5      | Bought a shiny scale mail for 119 gold pieces
 15547 | Lair:1   | Entered Level 1 of the Lair of Beasts
 15630 | Lair:1   | Reached skill level 10 in Invocations
 15828 | Lair:1   | HP: 4/103 [crocodile (4)]
 16331 | Lair:1   | Reached skill level 14 in Maces & Flails
 17594 | Lair:2   | Found a staircase to the Snake Pit.
 18094 | Lair:2   | Found a staircase to the Shoals.
 18187 | Lair:2   | Noticed a seven-headed hydra
 18196 | Lair:2   | Banished a seven-headed hydra
 18756 | Lair:3   | Reached XP level 14. HP: 97/110 MP: 22/22
 18855 | Lair:3   | Identified the Tome of the Blaze
 19012 | Lair:3   | Noticed Sonja
 19076 | Lair:3   | Killed Sonja
 19600 | Lair:3   | Got an iridescent morningstar
 19601 | Lair:3   | Identified the +5 morningstar "Leviticus" {elec, +Blink rElec rPois Dex-4 SInv} (You found it on level 3 of the Lair of Beasts)
 20710 | Lair:5   | Reached skill level 15 in Maces & Flails
 21323 | Lair:6   | Entered Level 6 of the Lair of Beasts
 21874 | Lair:6   | Reached skill level 16 in Maces & Flails
 21937 | Lair:6   | Reached skill level 1 in Dodging
 22525 | Lair:6   | Reached ***** piety under Lugonu
 23228 | Lair:6   | Found a staircase to the Slime Pits.
 23229 | Lair:6   | Found a viscous altar of Jiyva.
 23282 | Lair:6   | Noticed Rupert
 23542 | Lair:6   | Killed Rupert
 23542 | Lair:6   | Reached XP level 15. HP: 74/118 MP: 24/24
 24598 | Lair:6   | Reached skill level 5 in Dodging
 24655 | Lair:6   | Got a distressingly furry large shield
 24666 | Lair:6   | Identified the +5 large shield of the Villain {Str+3 Dex+3} (You found it on level 6 of the Lair of Beasts)
 25171 | Snake:1  | Entered Level 1 of the Snake Pit
 25265 | Snake:1  | Found a shimmering altar of Xom.
 26154 | Snake:2  | Noticed a nagaraja
 26161 | Snake:2  | Killed a nagaraja
 26475 | Snake:2  | Reached XP level 16. HP: 46/128 MP: 5/25
 27101 | Snake:2  | You fall through a shaft!
 27287 | Snake:3  | Noticed Aizul
 27320 | Snake:2  | Killed Aizul
 27813 | Snake:3  | Reached ****** piety under Lugonu
 29334 | Snake:4  | Entered Level 4 of the Snake Pit
 30729 | Snake:4  | Reached XP level 17. HP: 129/137 MP: 26/26
 31221 | Snake:3  | Killed from afar by a nagaraja

Vault maps used:
D:1:      mrwooster_arrival_statue
D:2:      lemuel_round_altar, nicolae_overflow_crystal_walls,
          uniq_crazy_yiuf_cottage
D:3:      makhleb_heckhound_becter, minmay_shallow_snake_nest, uniq_natasha,
          uniq_robin
D:4:      kennysheep_mini, lemuel_crystal_altar, serial_shops, shop, shop,
          first_bread, nicolae_dithmenos_shadow_blocks, uniq_sigmund
D:5:      xom_butterflies, overflow_temple_1_default,
          minmay_temple_entry_butterflies, serial_shops,
          nicolae_shop_statue_plus, minmay_item_behind_shaft,
          uniq_prince_ribbit1
D:6:      marbit_many_paths, serial_shops, shop, minmay_misc_feat_doors
D:7:      nemelex_altar_shiori, basic_altar
D:8:      dancing_weapons_uskayaw, nicolae_overflow_hidden_temple, serial_shops,
          shop_statue, blue_anna_alchemist
D:9:      kennysheep_mini_moat, grunt_lair_entry_orc_guard_hut, serial_glass,
          glass_columns_b, glass_columns_c, glass_columns_a, glass_columns_a,
          glass_columns_a, glass_columns_a, serial_shops, shop_coins
D:10:     kennysheep_cross_bottleneck, minmay_misc_feat_diagonals,
          fungi_pond_lemuel, kennysheep_diamond, uniq_snorg
D:11:     uniq_urug
D:12:     gargoyle_guard, orc_0_dummy, serial_glass, glass_columns_a,
          glass_columns_a
Lair:1:   minmay_lair_oklob_chamber, infiniplex_staircase_pool,
          grunt_megastairs_4
Lair:2:   shoals_dummy_entry, minmay_snake_entry_six_corridors, minivault_24,
          serial_bayou_pond_d
Lair:3:   grunt_megastairs_5, uniq_sonja
Lair:4:   st_stairs_9, grunt_megastairs_1
Lair:6:   evilmike_catoblepas_cave, slime_altar_1, grunt_megastairs_3,
          uniq_rupert
Snake:1:  basic_altar, serial_bayou_shore_b
Snake:3:  uniq_aizul
Snake:4:  johnstein_snake_rune_scales, guppyfry_snake_island
Abyss:2:  evilmike_abyss_exit_14

Skill      XL: |  1  2  3  4  5  6  7  8  9 10 11 12 13 14 15 16 |
---------------+-------------------------------------------------+-----
Shields        | 4 5 6 7 9 10 11 12 | 12.9
Maces & Flails | 3 4 5 6 8 11 12 13 14 16 | 16.0
Invocations    | 4 6 9 11 12 | 12.0
Fighting       | 5 7 9 10 11 12 13 | 13.6
Armour         | 5 7 9 10 11 12 13 | 13.7
Dodging        | 3 6 8 |  8.5

Action                   |  1- 3 |  4- 6 |  7- 9 | 10-12 | 13-15 | 16-18 || total
-------------------------+-------+-------+-------+-------+-------+-------++-------
Melee: Flail             |    51 |       |       |       |       |       ||    51
       Mace              |    23 |   137 |   417 |   688 |       |       ||  1265
       Dire flail        |       |       |       |   238 |   111 |       ||   349
       Morningstar       |       |       |       |       |  1128 |   499 ||  1627
Invok: Depart the Abyss  |       |     1 |       |     2 |       |       ||     3
       Bend Space        |       |       |       |     6 |     3 |    14 ||    23
       Banish            |       |       |       |       |     5 |       ||     5
Evoke: Wand              |       |       |       |     5 |     2 |       ||     7
  Use: Scroll            |     2 |     4 |     2 |    10 |    15 |     1 ||    34
       Potion            |     1 |       |     5 |     5 |     3 |     6 ||    20
 Stab: Paralysed         |       |       |       |     9 |       |       ||     9
       Invisible         |       |       |       |    15 |       |       ||    15
  Eat: Chunk             |     2 |     5 |    15 |    19 |    33 |     8 ||    82
       Fruit             |       |       |     2 |     8 |     8 |     4 ||    22
       Royal jelly       |       |       |       |     1 |       |       ||     1
       Bread ration      |       |       |       |       |       |     1 ||     1
Armor: Scale mail        |    40 |    85 |   111 |       |   187 |       ||   423
       Plate armour      |       |       |    51 |   286 |   335 |   162 ||   834
Dodge: Dodged            |    23 |    48 |   100 |   182 |   330 |   147 ||   830
Block: Shield            |    59 |   108 |   257 |   488 |   659 |       ||  1571
       Large shield      |       |       |       |       |   262 |   765 ||  1027

Table legend:
 A = Spawn XP
 B = Non-spawn XP
 C = Spawn XP percentage of total XP
 D = Spawn monster count
 E = Non-spawn monster count
 F = Spawn count percentage of total count
 G = Total turns spent on level
                    A         B        C        D         E        F      G
               +---------+---------+-------+---------+---------+-------+---------
         Total |       0 |  162188 |   0.0 |       0 |     594 |   0.0 | 31221
               +---------+---------+-------+---------+---------+-------+---------
           D:1 |       0 |      24 |   0.0 |       0 |      14 |   0.0 |   764
           D:2 |       0 |     123 |   0.0 |       0 |      23 |   0.0 |   965
           D:3 |       0 |     107 |   0.0 |       0 |      22 |   0.0 |  1011
           D:4 |       0 |     449 |   0.0 |       0 |      12 |   0.0 |   898
           D:5 |       0 |     221 |   0.0 |       0 |      10 |   0.0 |  1095
           D:6 |       0 |     631 |   0.0 |       0 |      14 |   0.0 |   920
           D:7 |       0 |     627 |   0.0 |       0 |      10 |   0.0 |   999
           D:8 |       0 |    2294 |   0.0 |       0 |      31 |   0.0 |  1357
           D:9 |       0 |    3462 |   0.0 |       0 |      26 |   0.0 |  2345
          D:10 |       0 |   10042 |   0.0 |       0 |      35 |   0.0 |  2626
          D:11 |       0 |    3971 |   0.0 |       0 |      28 |   0.0 |  1057
          D:12 |       0 |   10790 |   0.0 |       0 |      39 |   0.0 |  1731
        Lair:1 |       0 |    6838 |   0.0 |       0 |      34 |   0.0 |  1131
        Lair:2 |       0 |    5454 |   0.0 |       0 |      27 |   0.0 |  1669
        Lair:3 |       0 |    2898 |   0.0 |       0 |      13 |   0.0 |  1249
        Lair:4 |       0 |    1517 |   0.0 |       0 |       8 |   0.0 |   748
        Lair:5 |       0 |    4556 |   0.0 |       0 |      18 |   0.0 |   901
        Lair:6 |       0 |   31731 |   0.0 |       0 |      81 |   0.0 |  3592
       Snake:1 |       0 |   12735 |   0.0 |       0 |      23 |   0.0 |   977
       Snake:2 |       0 |   15906 |   0.0 |       0 |      30 |   0.0 |  1517
       Snake:3 |       0 |   22993 |   0.0 |       0 |      46 |   0.0 |  2428
       Snake:4 |       0 |   24819 |   0.0 |       0 |      50 |   0.0 |  1128
               +---------+---------+-------+---------+---------+-------+---------
